Map: [ESL] Dragon Scales

Players

Creator - Winner!

  • Race: Protoss Protoss

Astrea

  • Race: Protoss Protoss
  • League: Diamond

Event: IEM Katowice 2023

VOD

Have the link to the VOD?

Description

Time

  • Played on: Feb. 10, 2023, 7:10 a.m.
  • Length: 9:29

All games in this series

Show
View Real Time Build Order
Export as new Build Order

Creator Protoss - Winner!

Build Orders: Phoenix Opening, Mass Phoenix 

Get SALT Encoding   

  12  0:00  Probe  
  13  0:12  Probe  
  14  0:20  Pylon  
  14  0:24  Probe  
  15  0:38  Probe (Chrono Boost)  
  15  0:39  Gateway  
  16  0:48  Assimilator  
  16  0:49  Probe (Chrono Boost)  
  17  0:53  Probe (Chrono Boost)  
  18  0:59  Assimilator  
  18  1:05  Probe  
  19  1:16  Pylon  
  19  1:17  Probe (Chrono Boost)  
  20  1:26  Cybernetics Core  
  20  1:28  Probe (Chrono Boost)  
  20  1:30  Zealot  
  23  1:35  Pylon  
  23  1:36  Probe  
  24  1:49  Probe  
  25  1:56  Pylon  
  25  2:01  Probe  
  25  2:03  Stargate  
  26  2:23  Pylon  
  26  2:31  Probe  
  26  2:32  Nexus  
  26  2:40  Pylon  
  26  2:43  Probe  
  27  2:45  Phoenix (Chrono Boost)  
  29  2:58  Probe  
  29  3:01  Phoenix (Chrono Boost)  
  30  3:10  Probe  
  29  3:22  Probe  
  29  3:23  Phoenix (Chrono Boost)  
  32  3:34  Probe  
  33  3:41  Phoenix  
  33  3:45  Probe  
  33  3:48  Probe (Chrono Boost)  
  37  3:51  Stargate  
  35  3:57  Probe (Chrono Boost)  
  37  4:05  Probe (Chrono Boost)  
  37  4:06  Probe (Chrono Boost)  
  37  4:07  Phoenix (Chrono Boost)  
  40  4:11  Probe x2 (Chrono Boost)  
  42  4:17  Assimilator  
  42  4:23  Probe x2  
  44  4:29  Phoenix (Chrono Boost)  
  46  4:35  Probe x2  
  50  4:42  Pylon, Phoenix (Chrono Boost)  
  50  4:47  Zealot  
  53  4:54  Phoenix (Chrono Boost)  
  54  5:00  Probe x2  
  58  5:10  Phoenix (Chrono Boost)  
  58  5:12  Pylon  
  58  5:13  Probe x2  
  58  5:16  Phoenix (Chrono Boost)  
  60  5:25  Assimilator  
  60  5:30  Shield Battery  
  60  5:32  Shield Battery  
  60  5:33  Probe, Phoenix (Chrono Boost)  
  63  5:41  Phoenix (Chrono Boost)  
  63  5:42  Pylon  
  65  5:45  Probe  
  65  5:48  Probe  
  69  5:58  Probe  
  69  6:02  Phoenix (Chrono Boost)  
  68  6:05  Phoenix (Chrono Boost)  
  68  6:09  Probe  
  61  6:20  Phoenix (Chrono Boost)  
  61  6:21  Probe  
  61  6:22  Probe  
  65  6:28  Forge  
  63  6:33  Probe  
  63  6:34  Probe, Warp Gate  
  63  6:37  Phoenix  
  65  6:50  Stalker  
  65  6:51  Probe x2  
  65  6:53  Gateway  
  65  7:06  Probe  
  66  7:09  Phoenix (Chrono Boost)  
  66  7:14  Probe, Void Ray (Chrono Boost)  
  69  7:18  Photon Cannon  
  69  7:19  Probe  
  69  7:20  Stalker  
  72  7:23  Photon Cannon  
  72  7:30  Probe  
  72  7:34  Probe  
  78  7:37  Void Ray  
  78  7:41  Gateway  
  76  7:49  Probe x2  
  78  7:56  Stalker  
  78  8:02  Gateway  
  78  8:04  Pylon  
  78  8:18  Pylon  
  78  8:22  Probe x2  
  84  8:28  Void Ray (Chrono Boost)  
  84  8:35  Void Ray (Chrono Boost)  
  84  8:36  Stalker x3  
  84  8:59  Probe  
  84  9:00  Pylon, Probe  
  92  9:15  Pylon  
  92  9:16  Pylon, Stalker  
  94  9:17  Pylon  
  94  9:19  Stalker x2  
Show
View Real Time Build Order
Export as new Build Order

Astrea Protoss 

Build Orders: Phoenix Opening, Mass Phoenix 

Get SALT Encoding   

  12  0:00  Probe  
  13  0:12  Probe  
  14  0:17  Pylon  
  14  0:24  Probe (Chrono Boost)  
  16  0:36  Probe (Chrono Boost)  
  16  0:37  Gateway  
  16  0:43  Probe (Chrono Boost)  
  16  0:46  Assimilator  
  17  0:51  Probe  
  17  0:54  Assimilator  
  18  1:03  Probe (Chrono Boost)  
  19  1:04  Pylon  
  20  1:12  Probe (Chrono Boost)  
  20  1:17  Probe (Chrono Boost)  
  20  1:24  Cybernetics Core  
  21  1:29  Probe  
  21  1:31  Zealot  
  24  1:41  Probe  
  25  1:53  Probe  
  26  2:01  Stargate  
  26  2:02  Adept (Chrono Boost)  
  26  2:06  Probe  
  26  2:08  Warp Gate  
  29  2:11  Pylon  
  28  2:19  Probe  
  31  2:40  Nexus  
  29  2:48  Phoenix (Chrono Boost)  
  31  2:58  Pylon  
  31  3:13  Probe  
  31  3:18  Phoenix (Chrono Boost)  
  32  3:25  Probe  
  32  3:26  Stargate  
  31  3:36  Phoenix (Chrono Boost)  
  31  3:37  Probe  
  34  3:48  Assimilator  
  34  3:49  Probe  
  34  3:52  Probe  
  36  3:58  Phoenix (Chrono Boost)  
  36  4:01  Probe  
  39  4:04  Probe  
  40  4:10  Phoenix (Chrono Boost)  
  40  4:13  Probe  
  40  4:16  Probe  
  44  4:23  Pylon  
  44  4:25  Probe  
  44  4:29  Probe  
  48  4:31  Phoenix (Chrono Boost)  
  48  4:34  Pylon  
  48  4:36  Phoenix (Chrono Boost)  
  50  4:38  Probe  
  50  4:44  Pylon  
  51  4:46  Probe  
  51  4:51  Probe  
  52  4:53  Phoenix (Chrono Boost)  
  52  4:59  Assimilator  
  50  5:08  Phoenix (Chrono Boost)  
  50  5:13  Probe, Phoenix (Chrono Boost)  
  53  5:19  Probe  
  54  5:25  Probe  
  55  5:29  Phoenix (Chrono Boost)  
  55  5:32  Probe  
  58  5:40  Phoenix (Chrono Boost)  
  61  5:45  Nexus  
  61  5:48  Phoenix  
  61  6:03  Phoenix (Chrono Boost)  
  57  6:20  Probe x2  
  57  6:22  Forge, Phoenix (Chrono Boost)  
  57  6:25  Phoenix (Chrono Boost)  
  57  6:32  Probe (Chrono Boost)  
  49  6:37  Probe (Chrono Boost)  
  49  6:39  Phoenix  
  49  6:44  Probe (Chrono Boost)  
  53  6:52  Probe x2 (Chrono Boost)  
  49  7:04  Phoenix (Chrono Boost)  
  49  7:06  Probe x2  
  49  7:13  Probe  
  48  7:18  Probe x2  
  48  7:25  Probe  
  48  7:27  Phoenix (Chrono Boost)  
  47  7:30  Probe x2  
  46  7:37  Probe  
  46  7:42  Probe  
  46  7:43  Probe  
  47  7:49  Probe  
  44  7:55  Probe  
  44  7:56  Probe  
  44  7:57  Pylon  
  46  8:00  Phoenix (Chrono Boost)  
  46  8:01  Probe  
  48  8:07  Probe  
  48  8:08  Probe  
  50  8:13  Probe  
  50  8:17  Phoenix (Chrono Boost)  
  50  8:19  Probe  
  52  8:20  Probe  
  52  8:25  Probe, Stalker  
  52  8:31  Probe  
  52  8:32  Probe  
  48  8:34  Phoenix  
  48  8:38  Probe  
  47  8:44  Phoenix  
  47  8:48  Probe  
  46  8:51  Stalker  
  46  8:54  Probe  
  49  9:01  Pylon  
  49  9:03  Probe  
  49  9:08  Probe  
  48  9:15  Probe  
  45  9:19  Pylon  

Tags
 
Add a new tag
Caveats
  • Supply blocks, unpowered buildings, or Contaminate may cause inaccurate times.
  • Supply counts are checked every 10 seconds.